Cogmind - Beta 16 @@@ ROGUE MODE // 2025.11.19 @ 22:32:00 Player: Ladmageddon Result: Destroyed by LN-X4Z(h) with Bolt Gun Performance ------------- Evolutions (0) 0 Regions Visited (3) 600 Robots Destroyed (13) 65 Value Destroyed (459) 459 Prototype IDs (0) 0 Alien Tech Used (0) 0 Bonus (653) 653 TOTAL SCORE: 1777 Bonus ------- Registered with UFD 300 Met Optimus in HQ 500 Friendly Fire -147 Cogmind --------- Core Integrity 0/250 Matter 197/300 Energy 125/125 System Corruption 0% Temperature Cool (0) Movement Treading (160) Location -9/Scraptown Parts ------- > --- POWER (1) -------- Light Ion Engine > --- PROPULSION (2) --- Improved Treads Medium Treads > --- UTILITY (2) ------ Small Storage Unit > --- WEAPON (2) ------- Rocket Launcher Enhanced Flamer > --- INVENTORY (8) ---- Light Ion Engine Subdweller Monowheel Scrapoid Pod Small Laser Mining Laser Flamer Peak State ------------ > --- POWER ------------ Light Ion Engine > --- PROPULSION ------- Improved Treads Medium Treads > --- UTILITY ---------- Small Storage Unit Improved Terrain Scanner > --- WEAPON ----------- Rocket Launcher Enhanced Flamer > --- INVENTORY -------- Light Ion Engine Subdweller Monowheel Scrapoid Pod Small Laser Assault Rifle Mining Laser Flamer [Rating: 18] Favorites ----------- Power Light Ion Engine Engine Light Ion Engine Propulsion Light Treads Treads Light Treads Utility Small Storage Unit Device Improved Terrain Scanner Storage Small Storage Unit Weapon Assault Rifle Ballistic Gun Assault Rifle Launcher Rocket Launcher Special Weapon Enhanced Flamer Slashing Weapon Mining Claw Build | -11 -10 -10 -9 ------- Run | Yrd Mat Sub Scr Slots Evolved . | . . . . Power . | . . . . Propulsion . | . . . . Utility . | . . . . Weapon . | . . . . Parts Attached 13 | 7 . 3 3 Power 1 | 1 . . . Engine 1 | 1 . . . Core . | . . . . Reactor . | . . . . Propulsion 4 | 2 . . 2 Treads 4 | 2 . . 2 Leg . | . . . . Wheel . | . . . . Hover . | . . . . Flight . | . . . . Utility 2 | 2 . . . Device 1 | 1 . . . Storage 1 | 1 . . . Processor . | . . . . Hackware . | . . . . Protection . | . . . . Artifact . | . . . . Weapon 6 | 2 . 3 1 Energy Gun . | . . . . Energy Cannon . | . . . . Ballistic Gun 2 | 2 . . . Ballistic Cannon . | . . . . Launcher 1 | . . . 1 Special Weapon 2 | . . 2 . Impact Weapon . | . . . . Slashing Weapon 1 | . . 1 . Piercing Weapon . | . . . . Special Melee Weapon . | . . . . Unidentified Prototypes . | . . . . Parts Lost 1 | . . . 1 Power . | . . . . Propulsion . | . . . . Utility 1 | . . . 1 Weapon . | . . . . Highest Loss Streak 1 | . . . 1 To Critical Strikes . | . . . . Average Backups 7 | 3 5 6 7 Power . | . 1 1 1 Propulsion 2 | 1 2 2 2 Utility . | . . . . Weapon 3 | . 2 3 3 Tool/Special . | . . . . Unused Backups 7 | . . . 7 Power 1 | . . . 1 Propulsion 3 | . . . 3 Utility . | . . . . Weapon 2 | . . . 2 Tool/Special 1 | . . . 1 Average Slot Usage (%) 99 | . 100 100 99 Engine 14 | . 14 14 14 Treads 28 | . 28 28 28 Device 13 | . 14 14 13 Storage 14 | . 14 14 14 Ballistic Gun 16 | . 28 19 13 Special Weapon 10 | . . 7 14 Peak Build Rating 18 | 9 9 11 18 Average Rating 12 | 5 9 9 14 On Entrance 7 | . 9 9 11 Avg Prop Armor Cover (%) . | . . . . Naked Turns . | . . . . Heaviest Build 14 | 12 12 13 14 Greatest Support 51 | 40 40 40 51 Greatest Overweight (x) . | . . . . Average Overweight (x) . | . . . . Largest Inventory Capacity 8 | 8 8 8 8 Average Capacity 7 | 7 8 8 8 Most Carried 8 | 6 6 8 8 Average Carried 7 | 4 5 6 7 Final Capacity 8 | 8 8 8 8 Final Carried 7 | 5 6 7 7 Class Distribution -------------------- 100% | Mutant Dominant Class ---------------- Mutant | -10/Materials Mutant | -10/Subcaves Mutant | -9/Scraptown Resources | -11 -10 -10 -9 ----------- Run | Yrd Mat Sub Scr Matter Collected 401 | 290 . 101 10 Remotely . | . . . . Salvage Created 592 | 106 . 156 330 Parts 28 | 3 . 10 15 Haulers Intercepted . | . . . . Recyclers Shooed . | . . . . Parts Field Recycled . | . . . . Retrieved Matter . | . . . . Parts Self-Destructed 4 | . . 4 . Prevented . | . . . . Parts Restored . | . . . . Kills | -11 -10 -10 -9 ------- Run | Yrd Mat Sub Scr Combat Hostiles Destroyed 10 | . . 5 5 Guns 4 | . . 4 . Cannons 1 | . . 1 . AOE 5 | . . . 5 Classes Destroyed 5 | 2 . 2 1 Tunneler 1 | 1 . . . Recycler 1 | 1 . . . Grunt 2 | . . 2 . Subdweller 3 | . . 3 . Scrapper 6 | . . . 6 Best Kill Streak 5 | 1 . 2 5 Combat Bots Only 5 | . . 2 5 Max Kills in Single Turn 2 | 1 . 2 1 Gunslinging . | . . . . Exploded 1 | . . . 1 Melee . | . . . . Uniques/NPCs Destroyed . | . . . . Combat | -11 -10 -10 -9 -------- Run | Yrd Mat Sub Scr Hostile Shots Fired 64 | . . 41 23 Missed 21 | . . 13 8 Hits 43 | . . 28 15 Projectile 43 | . . 28 15 Critical Strikes 3 | . . 2 1 Damage Taken 893 | . . 553 340 Core 250 | . . 123 127 Absorbed by Shields . | . . . . Core Remaining (%) 100 | 100 . . . Volleys Fired 46 | 5 2 31 8 Largest 2 | 2 2 2 1 Hottest 100 | 40 40 100 33 Shots Fired 72 | 10 4 50 8 Gun 39 | 10 4 25 . Cannon . | . . . . Launcher 8 | . . . 8 Special 25 | . . 25 . Kinetic 39 | 10 4 25 . Thermal 25 | . . 25 . Explosive 8 | . . . 8 Electromagnetic . | . . . . Robot Hit Streak 14 | 9 10 14 4 Robot Miss Streak 2 | . 1 2 1 Penetration Max . | . . . . Secondary Targets 1 | . . 1 . Max Gunslinging Chain 1 | . . 1 . Shots Hit Robots 45 | 9 3 28 5 Core Hits 29 | 4 1 13 11 Critical Kills . | . . . . Critical Parts Destroyed . | . . . . Critical Strikes . | . . . . Melee Attacks 7 | . . 7 . Impact . | . . . . Slashing 7 | . . 7 . Piercing . | . . . . Sneak Attacks . | . . . . Combat Hostiles . | . . . . Follow-up Attacks . | . . . . Damage Inflicted 1016 | 89 29 378 520 Guns 376 | 89 29 258 . Cannons . | . . . . Explosions 520 | . . . 520 Melee . | . . . . Ramming . | . . . . Kinetic 376 | 89 29 258 . Thermal 120 | . . 120 . Explosive 520 | . . . 520 Electromagnetic . | . . . . Impact . | . . . . Slashing . | . . . . Piercing . | . . . . Highest Corruption . | . . . . Average Corruption . | . . . . Corruption Purged . | . . . . Corruption Blocked . | . . . . Overload Shots . | . . . . Overflow Damage 4 | . . . 4 Projectiles . | . . . . Explosions 4 | . . . 4 Melee . | . . . . Knockbacks . | . . . . Impact . | . . . . Kinetic . | . . . . Secondary . | . . . . Self-Inflicted Damage 29 | . . . 29 Shots 1 | . . . 1 Rammed . | . . . . Targets Rammed . | . . . . Kicked . | . . . . Crushed . | . . . . Highest Temperature 109 | . . . 109 Average Temperature 70 | . . . 70 Received Heat Transfer 322 | . . 141 181 Siege Activations . | . . . . Martial Activations . | . . . . Shielding Activations . | . . . . Robots Disrupted 1 | . . 1 . Combat Hostiles 1 | . . 1 . Robots Corrupted . | . . . . Combat Hostiles . | . . . . Parts Fried 1 | . . . 1 Impact Corruptions . | . . . . Robots Melted . | . . . . Combat Hostiles . | . . . . Parts Melted 2 | . . . 2 Heat Transferred 880 | . . 880 . Parts Sabotaged . | . . . . Parts Stolen . | . . . . Parts Stripped . | . . . . Power Chain Reactions . | . . . . Alert | -11 -10 -10 -9 ------- Run | Yrd Mat Sub Scr Maximum Alert Level . | . . . . Low Security (%) 100 | 100 100 . . Level 1 . | . . . . Level 2 . | . . . . Level 3 . | . . . . Level 4 . | . . . . Level 5 . | . . . . High Security . | . . . . Max Security . | . . . . Peak Influence 5 | 5 . . . Initial . | . . . . Average . | 1 . . . Influence Increases 60 | 10 . 50 . Destroy 0b10 Robot/C 40 | . . 40 . Destroy 0b10 Robot/NC 10 | 10 . . . Destroy Leader 10 | . . 10 . Influence Decreases 60 | 10 . 24 26 Entered New Map 26 | . . . 26 Time Decay 34 | 10 . 24 . Squads Dispatched 1 | . 1 . . Investigation . | . . . . Extermination . | . . . . Reinforcement 1 | . 1 . . Assault . | . . . . Garrison . | . . . . Intercept . | . . . . Searches Triggered . | . . . . Construction Impeded . | . . . . Haulers Reinforced . | . . . . Active Scanning Responses . | . . . . Cargo Convoy Interrupts . | . . . . Stealth | -11 -10 -10 -9 --------- Run | Yrd Mat Sub Scr Distress Signals . | . . . . Communications Jammed . | . . . . Distress Signals . | . . . . Times Spotted 15 | . 1 5 9 Peak Tracking Total 5 | . . 2 5 Tactical Retreats . | . . . . Traps | -11 -10 -10 -9 ------- Run | Yrd Mat Sub Scr Traps Triggered . | . . . . Indirectly . | . . . . Trap Hack Attempts . | . . . . Triggered . | . . . . Disarmed . | . . . . Reprogrammed . | . . . . Reused . | . . . . Traps Extracted . | . . . . Installed . | . . . . Triggered . | . . . . Machines | -11 -10 -10 -9 ---------- Run | Yrd Mat Sub Scr Machines Disabled 1 | . . . 1 Max in Single Turn 1 | . . . 1 Machines Repaired . | . . . . Machines Dismantled . | . . . . Machines Sabotaged . | . . . . Overloaded Fab Kills . | . . . . Hacking | -11 -10 -10 -9 --------- Run | Yrd Mat Sub Scr Machines Accessed . | . . . . Terminals . | . . . . Fabricators . | . . . . Repair Stations . | . . . . Recycling Units . | . . . . Scanalyzers . | . . . . Garrison Access . | . . . . Total Hacks . | . . . . Successful . | . . . . Failed . | . . . . Catastrophic . | . . . . Database Lockouts . | . . . . Manual . | . . . . Terminals . | . . . . Fabricators . | . . . . Repair Stations . | . . . . Recycling Units . | . . . . Scanalyzers . | . . . . Garrison Access . | . . . . Terminal Hacks . | . . . . Fabricator Hacks . | . . . . Repair Station Hacks . | . . . . Recycling Unit Hacks . | . . . . Scanalyzer . | . . . . Garrison Access Hacks . | . . . . Unauthorized Hacks . | . . . . Terminals . | . . . . Fabricators . | . . . . Repair Stations . | . . . . Recycling Units . | . . . . Scanalyzers . | . . . . Garrison Access . | . . . . Data Cores Recovered . | . . . . Used . | . . . . Hacking Detections . | . . . . Full Trace Events . | . . . . Feedback Events . | . . . . Feedback Blocked . | . . . . Robot Schematics Acquired . | . . . . Robots Built . | . . . . Authchips . | . . . . Time . | . . . . Total Robot Build Rating . | . . . . Part Schematics Acquired . | . . . . Parts Built . | . . . . Authchips . | . . . . Time . | . . . . Total Part Build Rating . | . . . . Part Studies Acquired . | . . . . Parts Repaired . | . . . . Time . | . . . . Parts Recycled . | . . . . Recycled Matter . | . . . . Retrieved Matter . | . . . . Retrieved Components . | . . . . Parts Scanalyzed . | . . . . Part Schematics Acquired . | . . . . Parts Damaged . | . . . . Bothacking | -11 -10 -10 -9 ------------ Run | Yrd Mat Sub Scr Used RIF Installer . | . . . . Robots Hacked . | . . . . Non-combat . | . . . . Combat . | . . . . Robot Hacks Applied . | . . . . Relay Couplers Released . | . . . . Fabnet Peak Effective % . | . . . . Robots Rewired . | . . . . Allies Hacked . | . . . . Hacks Repelled . | . . . . Allies | -11 -10 -10 -9 -------- Run | Yrd Mat Sub Scr Total Allies . | . . . . Largest Group . | . . . . Highest-Rated Group . | . . . . Highest-Rated Ally . | . . . . Total Orders . | . . . . Ally Attacks . | . . . . Total Damage . | . . . . Kills . | . . . . Allies Corrupted . | . . . . Allies Melted 4 | . . . 4 Intel | -11 -10 -10 -9 ------- Run | Yrd Mat Sub Scr Active Infowar (turns) 1567 | 14 63 663 827 Terrain 1567 | 14 63 663 827 Robot Analysis Total . | . . . . Derelict Logs Recovered . | . . . . Drone Launches . | . . . . Drone Recoveries . | . . . . Exploration | -11 -10 -10 -9 ------------- Run | Yrd Mat Sub Scr Turns Passed 1662 | 95 63 663 841 Spaces Moved 899 | 48 22 325 504 Core 12 | 12 . . . Treads 887 | 36 22 325 504 Legs . | . . . . Wheels . | . . . . Hover . | . . . . Flight . | . . . . Fastest Speed 50 | 50 160 160 160 Average Speed 158 | 132 160 160 160 Slowest Speed 160 | 160 160 160 160 Overloaded Moves . | . . . . Propulsion Burnouts . | . . . . Robots Hopped . | . . . . Potential Cave-ins . | . . . . Cave-ins Triggered . | . . . . Exploration Rate (%) 19 | 5 5 22 44 Regions Visited 3 Branch Regions 2 Pre-discovered Areas . | . . . . Known Exits Taken . | . . . . Unknown Exits Taken 3 | 1 1 1 . Scrap Searched 4 | . . 1 3 Spaces Dug . | . . . . Terrain Destroyed 63 | . . . 63 Melee . | . . . . Projectile . | . . . . AOE 63 | . . . 63 Terrain Rammed . | . . . . Walls Destroyed . | . . . . Machines Disabled . | . . . . Actions | -11 -10 -10 -9 --------- Run | Yrd Mat Sub Scr Total 1020 | 70 46 372 532 Wait 31 | . 22 . 9 Move 896 | 47 21 324 504 Hop . | . . . . Pick Up 19 | 11 1 4 3 Fast Attach 1 | 1 . . . Attach 7 | 6 . 1 . Detach . | . . . . Swap 5 | . . 2 3 Drop 8 | . . 3 5 Fire 46 | 5 2 31 8 Melee 7 | . . 7 . Ram . | . . . . Kick . | . . . . Crush . | . . . . Escape Stasis . | . . . . Rewire . | . . . . Trap . | . . . . Miscellaneous . | . . . . Route ------- -11/Scrapyard -10/Materials -10/Subcaves -9/Scraptown History --------- Turn | Location | Event 36 | -11/Scrapyard | Discovered new exit (range 14) 96 | -11/Scrapyard | Entered Materials 151 | -10/Materials | Discovered new exit (range 5) 159 | -10/Materials | Entered Subcaves 160 | -10/Subcaves | Approached by a straggling Scientist 312 | -10/Subcaves | Build established: Mutant 330 | -10/Subcaves | Ambushed by Subdwellers from Twisted Machinery 819 | -10/Subcaves | Scientist uncovered a shortcut to Scraptown 822 | -10/Subcaves | Entered Scraptown 1106 | -9/Scraptown | Visited Cyclists 1180 | -9/Scraptown | Visited Junk Repository 1247 | -9/Scraptown | Visited UFD Registry 1262 | -9/Scraptown | Registered with UFD as "Steambox" 1300 | -9/Scraptown | Visited LU-1G1's Boring Crew 1353 | -9/Scraptown | Visited Botcube Research 1430 | -9/Scraptown | Visited Scrapoid Pod Storage 1439 | -9/Scraptown | Found Scrapoid Pod 1489 | -9/Scraptown | Met Optimus 1489 | -9/Scraptown | Accepted into 0bPrime 1589 | -9/Scraptown | Civil war broke out across Scraptown 1637 | -9/Scraptown | Core integrity fell below 50% 1642 | -9/Scraptown | Core integrity fell below 20% 1663 | -9/Scraptown | Destroyed by LN-X4Z(h) with Bolt Gun Last Messages --------------- O2-VNS(j) destroyed. Critical hit (Burn: +50). HO-YOW(j) heat damages Ovr. Titanium Leg. Mak. Salvage Targeting Computer melted. Ovr. Pulse Rifle melted. OL-F5N(j) destroyed. The unstable cave ceiling collapses. 59-01Q(j) destroyed. Destroyed Lgt. Deuterium Engine. The unstable cave ceiling collapses. 6K-K7P(j) destroyed. Imp. Terrain Scanner destroyed. Mak. Salvage Targeting Computer fried. HO-YOW(j) destroyed. RI-EV1(j) destroyed. Bolt penetrates 80-RX9(g). 80-RX9(g) switches sides. 80-RX9(g) destroyed. Penetrated by Bolt. [Achievement: Back For More] Map ----- +----------------------------------------------------+ | | | | | | | | | | | | | | | | | ?????????????????????????????????????????????????? | | ????????????????#????????????????????????????????? | | ?????????????????????????????????????????????????? | | ????????#???????#????????????????#???????????????? | | ????????????????#?#??????????????????????????????? | | ?????????????????#??????????#?#??????????????????? | | ?????????????????????????????????#???????????????? | | ??????????#?#?????????????#??????????????????????? | | ????????????#????##????????#?????????????????????? | | ?????????????????????#???????????????????????????? | | ??????#??#?????????????????????#?????????????????? | | ??????????????#?????????#????????????????????????? | | ?????????#??????#????######????#### ###?"????????? | | ???????############### # ##### == "?????????? | | ?????##"""##"""##""|; =*!! %?????????? | | ??????#"" ##""!##""|# !! [==%jp% ##?????? | | ??????#"" !=!=!%=*[!!! #?????? | | ??????# @ !% =[=%=*%%! #?????? | | ??????############## =! !%!*[!#??????????? | | ???????????????????##### =! ###??????????? | | ???????#????????#?????#### ##????????????? | | ???????????#?#??#????????? # ###???????#?????? | | ????????????????????#?????;#;# ##?????#?????????? | | ?????#???????????????????? ?# #?#?#????????????? | | ?????????????????#??"? ???= ?# #????????????????? | | ??????????????? ??? ??????%!"# #????????????????? | | ??????????????????????????? ;# #????????????????? | | ??????????????????#??"????? ;# #?!?? ??????????? | | ??????????????????? ???????=## #?*#!*???????????? | | ??????????????? #????????? ## #? # ???????????? | | ?????????????????#????????? ## #? ????????????? | | ????????????????????????????## #? ?????????????? | | ??????????????????????##?????# #? #?????????#???? | | ?????????????????????### ##### ## ##???????#????? | | ?????????????"???""""""" """"" "" "#?? ?????????? | | ??????????????? "#????????????? | | ??????????????? "#??? "???????? | | ??????????????? "#?? """?????? | | ??????????? ??? "##" ""??????? | | ???????? ???? " " ?????? | | ?"??"??""""??"?"""""""""""""" "##" " ?????? | | "??????"""???????""""""""""" "#?? " "??????? | +----------------------------------------------------+ Best States ------------- Heat Dissipation 25 Energy Generation 10 Energy Capacity 125 Matter Stores 300 Matter Capacity 300 Sight Range 16 Terrain Scan Range 16 Terrain Scan Density 10 Evasion (%) 50 Recoil Reduction 2 Item Schematics ----------------- None Robot Schematics ------------------ None Fabricated ------------ Nothing Repaired ---------- Nothing Studied --------- None Alien Tech Used ----------------- None Achievements -------------- Back For More Civilization 2243 Ghost 'Em Link The Feds Nice Directions, Buddy Challenges ------------ None Game ------ Seed MinesnifferSmartbombScanner Manual? 0 Play Time 00:13:43 Cumulative 20.0 hours Start 2025.11.19 @ 22:18:39 End 2025.11.19 @ 22:32:00 Sessions 1 Manual Loads 0 Difficulty Rogue Special Mode None Game No. 50 Rogue 47 Adventurer 3 Explorer 0 Win Type - Total 0 Types 0/0/0/0/0/0/0/0/0/0 Lore% 12 Gallery% 26 Achievement% 14 Wizard Run 0 Options --------- Layout 1 ASCII 0 Keyboard 0 Movement Mouse Keybinds 0 Fullscreen 1 Font 16/SmallcapsGlow Map View 50x40 Zoom Use 0% Tactical HUD 0 Map Filters NONE Filters NONE Steam SD RUN: 9032989f-9a14-442b-af76-df2b32d40f79